 Dungeon Crawl Stone Soup version 0.28.0 (webtiles) character file.

Game seed: 699386462190672599

2974 Strat the Cleaver (level 9, -37/78 HPs)
             Began as a Minotaur Gladiator on Feb 12, 2022.
             Was an Elder of Okawaru.
             Annihilated by a boulder beetle (50 damage)
             ... on level 8 of the Dungeon.
             The game lasted 00:21:31 (4768 turns).

Strat the Cleaver (Minotaur Gladiator)              Turns: 4768, Time: 00:21:32

Health: -37/78     AC: 13    Str: 23    XL:     9   Next: 53%
Magic:  8/8        EV:  9    Int:  5    God:    Okawaru [****..]
Gold:   194        SH:  0    Dex: 12    Spells: 8/8 levels left

rFire   + . .      SeeInvis .   z - +0 battleaxe
rCold   . . .      Faith    .   (shield currently unavailable)
rNeg    . . .      Spirit   .   w - +0 chain mail
rPois   +          Reflect  .   c - +1 hat
rElec   .          Harm     .   o - +1 cloak
rCorr   .          Rampage  .   (no gloves)
Will    .....                   (no boots)
Stlth   ..........              (no amulet)
HPRegen 0.23/turn               p - ring of poison resistance
MPRegen 0.11/turn               g - ring of protection from fire

@: no status effects
A: horns 2, retaliatory headbutt
a: Renounce Religion, Heroism, Finesse


You were on level 8 of the Dungeon.
You worshipped Okawaru.
Okawaru was greatly pleased with you.
You visited 2 branches of the dungeon, and saw 9 of its levels.

You collected 194 gold pieces.

Inventory:

Hand Weapons
 a - a +1 war axe
 b - a +4 hunting sling
 v - a +2 morningstar of flaming
 z - a +0 battleaxe (weapon)
Missiles
 d - 3 throwing nets
 j - a curare-tipped dart
 l - 124 stones (quivered)
 u - 2 atropa-tipped darts
Armour
 c - a +1 hat (worn)
 o - a +1 cloak (worn)
 w - a +0 chain mail (worn)
Jewellery
 e - an amulet of faith
 g - a ring of protection from fire (right hand)
 h - a ring of see invisible
 p - a ring of poison resistance (left hand)
Wands
 n - a wand of paralysis (8)
 r - a wand of iceblast (19)
 B - a wand of polymorph (12)
Scrolls
 q - a scroll of enchant armour
 s - a scroll of teleportation
 t - a scroll of fog
 x - a scroll of amnesia
 y - 2 scrolls of identify
 D - a scroll of magic mapping
Potions
 i - a potion of haste
 m - 2 potions of curing
 A - a potion of flight


   Skills:
 + Level 6.4 Fighting
 + Level 13.4 Axes
 - Level 2.0 Throwing
 + Level 6.4 Armour
 - Level 3.2 Dodging


You had 8 spell levels left.
You didn't know any spells.
Your spell library contained the following spells:

 Spells                   Type           Power      Damage    Failure   Level
 Beastly Appendage        Tmut           0%         N/A       98%         1
 Freeze                   Ice            0%         1d3       98%         1
 Slow                     Hex            0%         N/A       98%         1
 Ensorcelled Hibernation  Hex/Ice        0%         N/A       99%         2
 Wereblood                Tmut           0%         N/A       99%         2
 Confusing Touch          Hex            0%         N/A       100%        3
 Frozen Ramparts          Ice            0%         1d2       100%        3
 Spider Form              Tmut/Pois      0%         N/A       100%        3
 Vampiric Draining        Necr           0%         2d6       100%        3
 Anguish                  Hex/Necr       0%         N/A       100%        4
 Hailstorm                Conj/Ice       0%         3d3       100%        4


Dungeon Overview and Level Annotations

Branches:
Dungeon (8/15)             Temple (1/1) D:4
   Lair: D:8-11

Altars:
Cheibriados
Dithmenos
Elyvilon
Fedhas
Hepliaklqana
Kikubaaqudgha
Makhleb
Nemelex Xobeh
Okawaru
Ru
Sif Muna
Trog
Uskayaw
Vehumet
Wu Jian
Xom
Yredelemnul
Zin
The Shining One

Shops:
D:1 [[(   D:6 (

Annotations:
D:4 2 transporters


Innate Abilities, Weirdness & Mutations

You have a pair of horns on your head.
You reflexively headbutt those who attack you in melee.


Message History

You hit the boulder beetle but do no damage.
The boulder beetle is lightly wounded.
The helpless boulder beetle fails to defend itself.
You hit the boulder beetle but do no damage.
The boulder beetle is lightly wounded.
The helpless boulder beetle fails to defend itself.
You slash the boulder beetle!
The boulder beetle is moderately wounded.
The boulder beetle is no longer paralysed.
The boulder beetle bites you.
* * * LOW HITPOINT WARNING * * *
You hit the boulder beetle.
The boulder beetle is heavily wounded.
The boulder beetle bites you!
* * * LOW HITPOINT WARNING * * *
You hit the boulder beetle but do no damage.
You headbutt the boulder beetle, but do no damage.
The boulder beetle is heavily wounded.
The boulder beetle bites you!!
* * * LOW HITPOINT WARNING * * *
You slash the boulder beetle! You headbutt the boulder beetle!
The boulder beetle is severely wounded.
The boulder beetle leaps!
Aiming: Paralyse
Press: ? - help, Shift-Dir - straight line, f/p - boulder beetle
Aim: a boulder beetle (severely wounded, chance to affect: 31%)
The boulder beetle easily resists.
The boulder beetle curls into a ball and begins rolling!
As you read the scroll of teleportation, it crumbles to dust.
You feel strangely unstable. The boulder beetle hits you!
* * * LOW HITPOINT WARNING * * *
The boulder beetle stops rolling and uncurls.
Your surroundings suddenly seem different.
The boulder beetle curls into a ball and begins rolling!
As you read the scroll of teleportation, it crumbles to dust.
You feel strangely unstable.
Your surroundings suddenly seem different.
The boulder beetle hits you!!!
Ouch! That really hurt!
You die...

# #....#######.............,,,*,,
# #.......................,,,,*,,
###.....................#,,,,,*,,
..#.....................#,,,,,,,,
..#...................†.+,,,,,,,,
..#######.......).......#,,,,,**,
..#######......#)########,,,,,,,>
..#.....#.......)...# *,,,,,***
..#........#..○B@...# **,,,,,,,,
.............°......# *,,,,,,,,,
.....#......°.......# *,,,,,,,,,
.................!..# *,,,,,,,,,
....................# *,,,******
......####..........# *,,,*,,,,,
......# #..........# *,,,∩,,,,,
......# #..(.####### *,,,*,,,,,
.....## #....# *,,,******


You could see a boulder beetle (rolling).

Vanquished Creatures
  Maggie (D:7)
  A troll (D:8)
  A hornet (D:8)
  Grinder (D:5)
  A wyvern (D:8)
  A water moccasin (D:6)
  A sky beast (D:5)
  2 necrophages
  An ogre (D:5)
  5 centaurs
  A kobold brigand (D:6)
  A phantom (D:5)
  A bullfrog (D:8)
  3 scorpions
  A wyvern skeleton (D:7)
  2 centaur zombies (D:5)
  A bullfrog skeleton (D:5)
  3 hounds
  A jelly (D:7)
  3 orc priests
  A gnoll shaman (D:5)
  An iguana (D:2)
  An orc wizard (D:5)
  A hound skeleton (D:4)
  5 adders
  12 gnolls
  A howler monkey skeleton (D:7)
  A white imp (D:6)
  3 ufetubi
  An adder skeleton (D:2)
  2 worms
  2 dart slugs
  21 orcs
  3 ball pythons
  9 endoplasms
  5 giant cockroaches
  4 goblins
  2 hobgoblins
  2 jackals (D:1)
  3 quokkas
  6 bats
  3 frilled lizards
  10 kobolds
  4 rats
135 creatures vanquished.

Notes
Turn   | Place    | Note
-------+----------+-------------------------------------------
     0 | D:1      | Strat the Minotaur Gladiator began the quest for the Orb.
     0 | D:1      | Reached XP level 1. HP: 18/18 MP: 0/0
    62 | D:1      | Found Catad's Weapon Emporium.
    63 | D:1      | Found Tyatufa's Antique Armour Shop.
    76 | D:1      | Reached skill level 1 in Armour
   108 | D:1      | Reached skill level 4 in Axes
   119 | D:1      | Reached XP level 2. HP: 15/25 MP: 1/1
   128 | D:1      | Found Ifuoroet's Antique Armour Emporium.
   503 | D:2      | Reached XP level 3. HP: 27/30 MP: 2/2
   750 | D:2      | Reached skill level 5 in Axes
   750 | D:2      | Reached XP level 4. HP: 19/37 MP: 3/3
  1320 | D:3      | Found a basalt altar of Yredelemnul.
  1320 | D:3      | Found a snail-covered altar of Cheibriados.
  1321 | D:3      | Found a radiant altar of Vehumet.
  1409 | D:4      | Found a transporter.
  1571 | D:4      | Reached skill level 6 in Axes
  1588 | D:4      | Reached XP level 5. HP: 31/42 MP: 4/4
  1748 | D:4      | Found a staircase to the Ecumenical Temple.
  1763 | Temple   | Entered the Ecumenical Temple
  1771 | Temple   | Became a worshipper of Warmaster Okawaru
  1822 | D:4      | Found a transporter.
  1840 | D:4      | Noticed a necrophage
  1847 | D:4      | Killed a necrophage
  1848 | D:4      | Reached skill level 7 in Axes
  1932 | D:5      | Entered Level 5 of the Dungeon
  1932 | D:5      | Noticed a sky beast
  1975 | D:5      | Reached XP level 6. HP: 31/51 MP: 5/5
  2064 | D:5      | Reached * piety under Okawaru
  2191 | D:4      | Identified the +0 leather armour of the Harp {+Inv rF+
                  | Str-4}
  2362 | D:5      | Noticed Grinder
  2413 | D:5      | Reached XP level 7. HP: 43/59 MP: 6/6
  2542 | D:5      | Reached ** piety under Okawaru
  2543 | D:5      | Reached skill level 8 in Axes
  2543 | D:5      | Reached skill level 5 in Armour
  2547 | D:5      | Reached skill level 5 in Fighting
  2580 | D:5      | Identified the +3 rapier "Spiderbane" {speed, rN+ Dex+5}
  2619 | D:5      | Reached skill level 9 in Axes
  2725 | D:5      | Found a hide-covered altar of Uskayaw.
  2804 | D:5      | Paralysed by Grinder for 5 turns
  2818 | D:5      | Killed Grinder
  2819 | D:5      | Reached skill level 10 in Axes
  2819 | D:5      | Reached XP level 8. HP: 25/68 MP: 7/7
  2936 | D:6      | Found Ehagabuerch's Antique Weapon Boutique.
  3164 | D:6      | Reached *** piety under Okawaru
  3165 | D:6      | Reached skill level 11 in Axes
  3213 | D:6      | Found an ancient bone altar of Kikubaaqudgha.
  3384 | D:6      | Found a burning altar of Makhleb.
  3485 | D:6      | Reached skill level 12 in Axes
  3755 | D:7      | Noticed Maggie
  3784 | D:7      | Killed Maggie
  3784 | D:7      | Received a gift from Okawaru
  3785 | D:7      | Reached XP level 9. HP: 64/74 MP: 8/8
  4265 | D:8      | Reached skill level 13 in Axes
  4374 | D:8      | Paralysed by a hornet for 1 turns
  4396 | D:8      | Noticed a troll
  4398 | D:8      | Noticed a boulder beetle
  4403 | D:8      | Killed a troll
  4403 | D:8      | Reached **** piety under Okawaru
  4768 | D:8      | Annihilated by a boulder beetle

Illustrated notes

Levels and vault maps discovered:
D:1:      minmay_arrival_plants_in_alcoves, layout_basic, serial_shops, shop,
          nicolae_shop_stone, shop, shop, nicolae_shop_overgrown_old_shop,
          ebering_ecumenical_altar_hall, serial_corexii_hall,
          corexii_hall_statues_t, chequers_hall_statues_wall_a, minivault_11
D:2:      layout_loops_ring
D:3:      layout_rooms, gammafunk_temple_overflow_claw, nrook_mini_backslash,
          chequers_serial_rivers_small_b
D:4:      gammafunk_steamed_eel, layout_basic, minmay_temple_entry_steel_oval
D:5:      layout_rooms, grunt_temple_overflow_open,
          mainiacjoe_overflow_chevrons, grunt_ministairs_7, interstate_on_off,
          uniq_grinder
D:6:      layout_basic, serial_shops, nicolae_square_shop,
          hangedman_feature_mirror
D:7:      lemuel_slime, layout_loops_cross, uniq_maggie
D:8:      layout_basic, nicolae_shop_firing_range
Temple:   nicolae_temple_no_exploring_needed

Skill      XL: |  1  2  3  4  5  6  7  8  9 |
---------------+----------------------------+-----
Armour         | 1 2 3 4 5 6 |  6.4
Axes           | 4 5 6 7 10 12 13 | 13.4
Fighting       | 3 4 5 6 |  6.4
Throwing       | |  2.0
Dodging        | |  3.2

Action                   |  1- 3 |  4- 6 |  7- 9 || total
-------------------------+-------+-------+-------++-------
Melee: War axe           |    63 |    98 |   122 ||   283
       Headbutt          |     8 |    13 |    29 ||    50
       Punch             |       |     2 |     1 ||     3
       Battleaxe         |       |       |    56 ||    56
 Fire: Hunting sling     |       |    24 |     9 ||    33
Throw: Throwing net      |       |     1 |       ||     1
Invok: Heroism           |       |       |     1 ||     1
Evoke: Wand              |       |       |     7 ||     7
  Use: Scroll            |       |     6 |     9 ||    15
       Potion            |       |     2 |     1 ||     3
 Stab: Paralysed         |       |       |    14 ||    14
Armor: Leather armour    |     4 |       |       ||     4
       Ring mail         |    10 |    41 |    62 ||   113
       Chain mail        |       |       |    35 ||    35
Dodge: Dodged            |    32 |    56 |   129 ||   217
